 Dungeon Crawl Stone Soup version 0.31.0-12-g77e489cdc1 (webtiles) character file.

Game seed: 4126281372622388186

221 Gadfly the Trooper (level 5, 0/55 HPs)
             Began as an Oni Berserker on Feb 27, 2024.
             Was a Priest of Trog.
             Slain by a hobgoblin (2 damage)
             ... on level 3 of the Dungeon.
             The game lasted 00:06:03 (3157 turns).

Gadfly the Trooper (Oni Berserker)                  Turns: 3157, Time: 00:06:04

Health: 0/55       AC:  3    Str: 21    XL:     5   Next: 98%
Magic:  5/5        EV:  5    Int:  8    God:    Trog [***...]
Gold:   123        SH:  0    Dex: 10    Spells: 4/4 levels left

rFire   . . .        b - +2 hand axe (venom)
rCold   . . .        (no shield)
rNeg    . . .        d - +0 robe
rPois   .            (helmet restricted)
rElec   .            (no cloak)
rCorr   .            (gloves unavailable)
SInv    +            (boots unavailable)
Will    .....        (no amulet)
Stlth   +            e - ring of see invisible
HPRegen 0.29/turn    (no ring)
MPRegen 0.09/turn

%: no passive effects
@: held
A: large, unfitting armour, horns 1, tough skin 1, double potion healing,
drunken brawling
a: Renounce Religion, Berserk, Trog's Hand


You were on level 3 of the Dungeon.
You worshipped Trog.
Trog was most pleased with you.
You visited 1 branch of the dungeon, and saw 3 of its levels.

You collected 123 gold pieces.

Inventory:

Hand Weapons
 a - a +0 flail
 b - a +2 hand axe of venom (weapon)
Armour
 d - a +0 robe (worn)
Jewellery
 e - a ring of see invisible (left hand)
Scrolls
 i - 2 scrolls of teleportation {unknown}
Potions
 c - a potion of mutation
 f - a potion of invisibility
 h - a potion of degeneration {unknown}
 j - a potion of heal wounds {unknown}
 k - 2 potions of enlightenment {unknown}


   Skills:
 + Level 4.7 Fighting
 * Level 4.1 Maces & Flails
 * Level 2.7 Armour
 - Level 2.6 Dodging
 * Level 2.2 Evocations


You had 4 spell levels left.
You didn't know any spells.
Your spell library was empty.

Dungeon Overview and Level Annotations

Branches:
Dungeon (3/15)

Altars:


Innate Abilities, Weirdness & Mutations

You are too large for most types of armour.
You have a pair of small horns on your head.
You have tough skin. (AC +1)
You gain doubled healing and magic from potions.
Whenever you drink a healing potion, you attack all around you.


Message History

The gnoll hits you from afar with a +0 halberd!
Unknown command.
You barely miss the kobold. Your headbutt misses the kobold.
The kobold barely misses you.
The gnoll hits you from afar with a +0 halberd!
Unknown command.
You hit the kobold.
The kobold is poisoned.
Your headbutt misses the kobold.
The kobold is severely wounded.
The kobold barely misses you. The gnoll barely misses you.
Unknown command.
You closely miss the kobold. You headbutt the kobold.
You kill the kobold!
Trog accepts your kill.
The gnoll hits you from afar with a +0 halberd!
Unknown command.
You hit the gnoll.
The gnoll is poisoned.
The gnoll is moderately wounded.
The gnoll throws a throwing net.
The throwing net hits you.
You become entangled in the net!
The gnoll hits you with a +0 whip. The gnoll barely misses you.
The hobgoblin hits you.
Unknown command.
You are too injured to fight recklessly!
Unknown command.
You are too injured to fight recklessly!
You are too injured to fight recklessly!
Unknown command.
You struggle against the net.
The gnoll hits you with a +0 whip. The hobgoblin hits you.
The gnoll hits you from afar with a +0 halberd.
* * * LOW HITPOINT WARNING * * *
You struggle against the net.
The gnoll hits you with a +0 whip!
* * * LOW HITPOINT WARNING * * *
The hobgoblin hits you.
* * * LOW HITPOINT WARNING * * *
The gnoll hits you from afar with a +0 halberd.
* * * LOW HITPOINT WARNING * * *
You struggle against the net.
The gnoll hits you with a +0 whip.
* * * LOW HITPOINT WARNING * * *
The hobgoblin hits you.
You die...

### #$$ ################ #$$
#.....)........# #g$
#..)...........)
#g##....).........#
#g@..†)########.... #......#
#.... #......# #####..).
#+##..............#
#.............)) ≈≈
#..............# #≈≈≈≈≈≈≈≈≈#
################
#≈≈≈≈≈≈≈≈≈#####≈≈≈≈≈≈≈≈≈≈≈≈≈≈≈
#≈≈≈≈≈≈≈≈≈≈≈≈≈≈≈≈≈≈≈≈~≈≈≈≈~~≈≈


You could see 2 gnolls and a hobgoblin.

Vanquished Creatures
  A bombardier beetle (D:3)
  A gnoll (D:3)
  2 adders
  A ribbon worm (D:2)
  2 dart slugs (D:1)
  8 orcs (D:3)
  4 ball pythons
  5 bats
  11 endoplasms
  5 giant cockroaches
  34 hobgoblins
  2 jackals (D:2)
  2 quokkas (D:1)
  3 frilled lizards
  28 goblins
  9 kobolds
  3 rats
121 creatures vanquished.

Notes
Turn   | Place    | Note
-------+----------+-------------------------------------------
     0 | D:1      | Gadfly the Oni Berserker began the quest for the Orb.
     0 | D:1      | Reached XP level 1. HP: 24/24 MP: 1/1
    92 | D:1      | Reached XP level 2. HP: 31/32 MP: 2/2
   695 | D:1      | Reached skill level 1 in Armour
   715 | D:1      | Reached skill level 1 in Evocations
   715 | D:1      | Reached XP level 3. HP: 35/39 MP: 3/3
  1223 | D:2      | Reached ** piety under Trog
  1401 | D:2      | Reached XP level 4. HP: 43/49 MP: 4/4
  1982 | D:3      | Found a faded altar of an unknown god.
  2491 | D:3      | Reached XP level 5. HP: 55/55 MP: 5/5
  2502 | D:3      | HP: 1/55 [goblin/sling bullet (4)]
  2696 | D:3      | Reached *** piety under Trog
  3157 | D:3      | HP: 2/55 [gnoll/+0 whip (1)]
  3157 | D:3      | Slain by a hobgoblin

Illustrated notes

Levels and vault maps discovered:
D:1:      lemuel_arrival_funnel, layout_basic, minmay_3d_cube
D:2:      layout_basic
D:3:      minmay_goblin_kobold_castle, layout_basic, serial_aquarium,
          aquarium_bridge_straight [aquarium_subvault_bridge,
          aquarium_subvault_wall, aquarium_subvault_bridge,
          aquarium_subvault_wall], aquarium_window_corridor_3,
          aquarium_window_1, aquarium_view_2c, aquarium_balcony_5b,
          aquarium_pool_corner, hellmonk_ecumenical_altar_slurped_away

Skill      XL: |  1  2  3  4  5 |
---------------+----------------+-----
Armour         | 1 2 |  2.7
Evocations     | 1 2 |  2.2
Maces & Flails | 4 |  4.1
Fighting       | |  4.7
Dodging        | |  2.6

Action                     |  1- 3 |  4- 6 || total
---------------------------+-------+-------++-------
  Melee: Mace              |    12 |       ||    12
         Headbutt          |    10 |    21 ||    31
         Flail             |    90 |    50 ||   140
         Punch             |     1 |     1 ||     2
         Hand axe          |       |    85 ||    85
    Use: Scroll            |     3 |     2 ||     5
         Potion            |       |     3 ||     3
   Stab: Sleeping          |       |     1 ||     1
 Armour: Animal skin       |    41 |       ||    41
         Robe              |    27 |   116 ||   143
  Dodge: Dodged            |    60 |    87 ||   147
